PUBAAA
CHRISMAN KILLERS @ ASHEVILLE TOURISTS
07/08/1972
 
TOP OF THE 1ST
Ottawa-Nepean Canadians batting - Pitching for Chrisman Killers : RHP José Murillo
Pitching: RHP José Murillo
Batting: RHB John Stevens 0-0: Swinging Strike
0-1: Ground out U3 (Groundball, 3, EV 103.8 MPH)
Batting: RHB John Vandeusen 0-0: Ball
1-0: Foul Ball, location: 2F
1-1: Swinging Strike
1-2: Ball
2-2: Foul Ball, location: 2F
2-2: Foul Ball, location: 2F
2-2: Ball
3-2: Strikes out swinging
Batting: LHB Phil Davis 0-0: Ball
1-0: Swinging Strike
1-1: Called Strike
1-2: DOUBLE (Flyball, 78XD, EV 102.5 MPH)
Batting: LHB Eric Williams 0-0: Ball
1-0: Ball
2-0: Swinging Strike
2-1: Called Strike
2-2: Strikes out swinging
Top of the 1st over - 0 runs, 1 hit, 0 errors, 1 left on base; Ottawa-Nepean 0 - Chrisman 0
BOTTOM OF THE 1ST
Chrisman Killers batting - Pitching for Ottawa-Nepean Canadians : RHP Steve Holmes
Pitching: RHP Steve Holmes
Batting: RHB Augusto Barrios 0-0: Ball
1-0: Called Strike
1-1: Foul Ball, location: 2F
1-2: Ball
2-2: Ball
3-2: Foul Ball, location: 2F
3-2: Strikes out swinging
Batting: LHB Bill Warren 0-0: Ground out U3 (Groundball, 34, EV 78.1 MPH)
Batting: SHB Jim Lefebvre 0-0: Ball
1-0: Swinging Strike
1-1: Fly out, F8 (Flyball, 89S, EV 74.4 MPH)
Bottom of the 1st over - 0 runs, 0 hits, 0 errors, 0 left on base; Ottawa-Nepean 0 - Chrisman 0
TOP OF THE 2ND
Ottawa-Nepean Canadians batting - Pitching for Chrisman Killers : RHP José Murillo
Batting: RHB Kurt Robinson 0-0: Foul Ball, location: 2F
0-1: Ball
1-1: Foul Ball, location: 2F
1-2: SINGLE (Groundball, 6MD, EV 96.2 MPH)
Batting: LHB Bobby Tolan 0-0: Ground out U3 (Groundball, 3S, EV 73.8 MPH)
Kurt Robinson to second
Batting: LHB Charlie Sands 0-0: Ball
1-0: Called Strike
1-1: Ball
2-1: Ball
3-1: Base on Balls
Batting: RHB Lance Goodwin 0-0: Called Strike
0-1: Foul Ball, location: 2F
0-2: Ball
1-2: Ball
2-2: Fly out, F8 (Flyball, 8LD, EV 74.4 MPH)
Batting: RHB George Duncan 0-0: Ball
1-0: Foul Ball, location: 2F
1-1: Ball
2-1: Fly out, F9 (Line Drive, 9, EV 93.8 MPH)
Top of the 2nd over - 0 runs, 1 hit, 0 errors, 2 left on base; Ottawa-Nepean 0 - Chrisman 0
BOTTOM OF THE 2ND
Chrisman Killers batting - Pitching for Ottawa-Nepean Canadians : RHP Steve Holmes
Batting: LHB Kyle MacKinley 0-0: Foul Ball, location: 2F
0-1: Swinging Strike
0-2: Strikes out swinging
Batting: SHB Mark Berry 0-0: Called Strike
0-1: Ball
1-1: Ground out 1-3 (Groundball, 34S, EV 65.0 MPH)
Batting: RHB Carlos Hernández 0-0: Ball
1-0: TRIPLE (Flyball, 78XD, EV 91.2 MPH)
Batting: RHB Thom Webb 0-0: Foul Ball, location: 2F
0-1: Foul Ball, location: 2F
0-2: Ground out 4-3 (Groundball, 4, EV 101.2 MPH)
Bottom of the 2nd over - 0 runs, 1 hit, 0 errors, 1 left on base; Ottawa-Nepean 0 - Chrisman 0
TOP OF THE 3RD
Ottawa-Nepean Canadians batting - Pitching for Chrisman Killers : RHP José Murillo
Batting: RHB John Stevens 0-0: Foul Ball, location: 2F
0-1: Ball
1-1: Fly out, F4 (Popup, 4M, EV 78.1 MPH)
Batting: RHB John Vandeusen 0-0: Ball
1-0: Called Strike
1-1: Foul Ball, location: 2F
1-2: Ball
2-2: Foul Ball, location: 2F
2-2: Fly out, F7 (Flyball, 7D, EV 105.6 MPH)
Batting: LHB Phil Davis 0-0: Fly out, F5 (Popup, 56S, EV 78.8 MPH)
Top of the 3rd over - 0 runs, 0 hits, 0 errors, 0 left on base; Ottawa-Nepean 0 - Chrisman 0
BOTTOM OF THE 3RD
Chrisman Killers batting - Pitching for Ottawa-Nepean Canadians : RHP Steve Holmes
Batting: RHB Noel Warner 0-0: Foul Ball, location: 2F
0-1: DOUBLE (Line Drive, 78M, EV 101.9 MPH)
Batting: RHB Kent Bishop 0-0: Ball
1-0: Fly out, F4 (Popup, 3S, EV 82.5 MPH)
Batting: RHB Augusto Barrios 0-0: Called Strike
0-1: Called Strike
0-2: Hit by Pitch
Batting: LHB Bill Warren 0-0: Called Strike
0-1: Ball
1-1: Called Strike
1-2: Ball
2-2: Ball
3-2: Base on Balls
Noel Warner to third
Augusto Barrios to second
Batting: SHB Jim Lefebvre 0-0: Called Strike
0-1: Called Strike
0-2: Ball
1-2: Foul Ball, location: 2F
1-2: Ball
2-2: Foul Ball, location: 2F
2-2: Fly out, F7 (Flyball, 7LM, EV 98.8 MPH)
Runner from 3rd tags up, SCORES, throw by LF
Augusto Barrios to third
Batting: LHB Kyle MacKinley 0-0: Ball
1-0: Ball
2-0: Ball
Wild Pitch!
Augusto Barrios scores
Bill Warren to second
3-0: Base on Balls
Batting: SHB Mark Berry 0-0: Ball
1-0: Ground out 4-3 (Groundball, 4, EV 86.2 MPH)
Bottom of the 3rd over - 2 runs, 1 hit, 0 errors, 2 left on base; Ottawa-Nepean 0 - Chrisman 2
TOP OF THE 4TH
Ottawa-Nepean Canadians batting - Pitching for Chrisman Killers : RHP José Murillo
Batting: LHB Eric Williams 0-0: Ground out 6-3 (Groundball, 6, EV 100.6 MPH)
Batting: RHB Kurt Robinson 0-0: Ball
1-0: Foul Ball, location: 2F
1-1: Foul Ball, location: 2F
1-2: Strikes out looking
Batting: LHB Bobby Tolan 0-0: Called Strike
0-1: Called Strike
0-2: Ground out 4-3 (Groundball, 4, EV 105.0 MPH)
Top of the 4th over - 0 runs, 0 hits, 0 errors, 0 left on base; Ottawa-Nepean 0 - Chrisman 2
BOTTOM OF THE 4TH
Chrisman Killers batting - Pitching for Ottawa-Nepean Canadians : RHP Steve Holmes
Batting: RHB Carlos Hernández 0-0: Ball
1-0: Foul Ball, location: 2F
1-1: Called Strike
1-2: Ball
2-2: TRIPLE (Line Drive, 78XD, EV 105.6 MPH)
Batting: RHB Thom Webb 0-0: SINGLE (Groundball, 56, EV 86.9 MPH) (infield hit)
Carlos Hernández scores
Batting: RHB Noel Warner 0-0: Called Strike
Thom Webb is caught stealing 2nd base 2-4
0-1: Ground out 6-3 (Groundball, 6D, EV 78.8 MPH)
Batting: RHB Kent Bishop 0-0: Ground out 6-3 (Groundball, 6, EV 85.6 MPH)
Bottom of the 4th over - 1 run, 2 hits, 0 errors, 0 left on base; Ottawa-Nepean 0 - Chrisman 3
TOP OF THE 5TH
Ottawa-Nepean Canadians batting - Pitching for Chrisman Killers : RHP José Murillo
Batting: LHB Charlie Sands 0-0: Foul Ball, location: 2F
0-1: Ball
1-1: Foul Ball, location: 2F
1-2: Ground out 4-3 (Groundball, 4, EV 85.0 MPH)
Batting: RHB Lance Goodwin 0-0: Ball
1-0: Called Strike
1-1: Foul Ball, location: 2F
1-2: SINGLE (Groundball, 6M, EV 105.6 MPH) (infield hit)
Batting: RHB George Duncan 0-0: Ball
Lance Goodwin steals 2nd base
1-0: Swinging Strike
1-1: Foul Ball, location: 2F
1-2: Ball
2-2: Strikes out swinging
Batting: RHB John Stevens 0-0: Ball
1-0: Ball
2-0: Foul Ball, location: 2F
2-1: Ball
3-1: Called Strike
3-2: Foul Ball, location: 2F
3-2: Foul Ball, location: 2F
3-2: Base on Balls
Batting: RHB John Vandeusen 0-0: Called Strike
0-1: SINGLE (Groundball, 6MD, EV 104.4 MPH)
Lance Goodwin to third
John Stevens to second
Runner from 3rd tries for Home, SAFE, throw by CF to home
Batting: LHB Phil Davis 0-0: Ball
1-0: Ball
2-0: Ball
3-0: Called Strike
3-1: Base on Balls
John Stevens to third
John Vandeusen to second
Batting: LHB Eric Williams 0-0: Ball
1-0: Foul Ball, location: 2F
1-1: Foul Ball, location: 2F
1-2: Ball
2-2: Strikes out swinging
Top of the 5th over - 1 run, 2 hits, 0 errors, 3 left on base; Ottawa-Nepean 1 - Chrisman 3
BOTTOM OF THE 5TH
Chrisman Killers batting - Pitching for Ottawa-Nepean Canadians : RHP Steve Holmes
Batting: RHB Augusto Barrios 0-0: Ball
1-0: Swinging Strike
1-1: Ball
2-1: Foul Ball, location: 2F
2-2: Foul Ball, location: 2F
2-2: Ball
3-2: Base on Balls
Batting: LHB Bill Warren 0-0: Swinging Strike
0-1: Reached on error, E4 (Groundball, 4, EV 81.2 MPH)
Augusto Barrios to second
Batting: SHB Jim Lefebvre 0-0: Called Strike
0-1: Swinging Strike
0-2: Grounds into double play, 6-4-3 (Groundball, 6M, EV 85.0 MPH)
Augusto Barrios to third
Batting: LHB Kyle MacKinley 0-0: Intentional Walk
Batting: SHB Mark Berry 0-0: Ball
1-0: TRIPLE (Flyball, 89XD, EV 99.4 MPH)
Augusto Barrios scores
Kyle MacKinley scores
Batting: RHB Carlos Hernández 0-0: Ball
1-0: Called Strike
1-1: Foul Ball, location: 2F
1-2: SINGLE (Line Drive, 6D, EV 106.2 MPH)
Mark Berry scores
Pitching: RHP Ricky Oliver
Batting: RHB Thom Webb 0-0: Called Strike
0-1: Foul Ball, location: 2F
0-2: Foul Ball, location: 2F
0-2: SINGLE (Line Drive, 5D, EV 103.1 MPH)
Carlos Hernández to second
Batting: RHB Noel Warner 0-0: Ball
1-0: Ball
2-0: SINGLE (Line Drive, 7S, EV 96.2 MPH)
Carlos Hernández to third
Thom Webb to second
Runner from 3rd tries for Home, SAFE, throw by LF to home
Thom Webb to third
Noel Warner to second
Batting: RHB Kent Bishop 0-0: Ball
1-0: Ball
2-0: Ball
3-0: Base on Balls
Batting: RHB Augusto Barrios 0-0: Ball
1-0: Ball
2-0: SINGLE (Flyball, 34D, EV 93.1 MPH)
Thom Webb scores
Noel Warner to third
Kent Bishop to second
Batting: LHB Bill Warren 0-0: Foul Ball, location: 2F
0-1: Swinging Strike
0-2: Strikes out swinging
Bottom of the 5th over - 5 runs, 5 hits, 1 error, 3 left on base; Ottawa-Nepean 1 - Chrisman 8
TOP OF THE 6TH
Ottawa-Nepean Canadians batting - Pitching for Chrisman Killers : RHP José Murillo
Batting: RHB Kurt Robinson 0-0: Called Strike
0-1: Swinging Strike
0-2: Foul Ball, location: 2F
0-2: Foul Ball, location: 2F
0-2: SOLO HOME RUN (Flyball, 78XD, EV 109.4 MPH), Distance : 424 ft
Batting: LHB Bobby Tolan 0-0: Foul Ball, location: 2F
0-1: Swinging Strike
0-2: Fly out, F8 (Flyball, 89D, EV 90.6 MPH)
Batting: LHB Charlie Sands 0-0: Ball
1-0: Ball
2-0: Ball
3-0: Called Strike
3-1: Called Strike
3-2: Foul Ball, location: 2F
3-2: DOUBLE (Line Drive, 8RXD, EV 108.8 MPH)
Batting: RHB Lance Goodwin 0-0: Ball
1-0: Called Strike
1-1: Hit by Pitch
Batting: RHB George Duncan 0-0: Swinging Strike
0-1: Foul Ball, location: 2F
0-2: Fly out, F7 (Flyball, 7LM, EV 84.4 MPH)
Batting: RHB John Stevens 0-0: Ball
1-0: Ball
2-0: Foul Ball, location: 2F
2-1: Called Strike
2-2: Ground out 4-3 (Groundball, P, EV 87.5 MPH)
Top of the 6th over - 1 run, 2 hits, 0 errors, 2 left on base; Ottawa-Nepean 2 - Chrisman 8
BOTTOM OF THE 6TH
Chrisman Killers batting - Pitching for Ottawa-Nepean Canadians : RHP Ricky Oliver
Batting: SHB Jim Lefebvre 0-0: Called Strike
0-1: Foul Ball, location: 2F
0-2: Strikes out swinging
Batting: LHB Kyle MacKinley 0-0: Ball
1-0: Called Strike
1-1: Foul Ball, location: 2F
1-2: Ball
2-2: Foul Ball, location: 2F
2-2: Fly out, F2 (Popup, 2LF, EV 91.9 MPH)
Batting: SHB Mark Berry 0-0: Ball
1-0: Ball
2-0: Ball
3-0: SINGLE (Flyball, 4D, EV 90.0 MPH)
Batting: RHB Carlos Hernández 0-0: Ball
1-0: Swinging Strike
1-1: Ball
2-1: Foul Ball, location: 2F
2-2: Foul Ball, location: 2F
2-2: Foul Ball, location: 2F
2-2: Foul Ball, location: 2F
2-2: Fly out, F7 (Flyball, 7LM, EV 81.9 MPH)
Bottom of the 6th over - 0 runs, 1 hit, 0 errors, 1 left on base; Ottawa-Nepean 2 - Chrisman 8
TOP OF THE 7TH
Ottawa-Nepean Canadians batting - Pitching for Chrisman Killers : RHP José Murillo
Batting: RHB John Vandeusen 0-0: Ball
1-0: Called Strike
1-1: Swinging Strike
1-2: Strikes out swinging
Batting: LHB Phil Davis 0-0: Ball
1-0: SINGLE (Groundball, 34S, EV 66.2 MPH) (infield hit)
Batting: LHB Eric Williams 0-0: Ball
1-0: Foul Ball, location: 2F
1-1: Foul Ball, location: 2F
1-2: Ball
2-2: Strikes out swinging
Pitching: RHP David McCullough
Pinch Hitting: LHB Pepe Molina 0-0: Called Strike
Phil Davis steals 2nd base
0-1: Foul Ball, location: 2F
0-2: Ball
1-2: Ball
2-2: Ball
3-2: Strikes out looking
Top of the 7th over - 0 runs, 1 hit, 0 errors, 1 left on base; Ottawa-Nepean 2 - Chrisman 8
BOTTOM OF THE 7TH
Chrisman Killers batting - Pitching for Ottawa-Nepean Canadians : RHP Ricky Oliver
Now in LF: Bobby Tolan
Now in CF: Eric Williams
Now in RF: Pepe Molina
Batting: RHB Thom Webb 0-0: Called Strike
0-1: Ground out 4-3 (Groundball, 34, EV 86.2 MPH)
Batting: RHB Noel Warner 0-0: Foul Ball, location: 2F
0-1: Ball
1-1: Ball
2-1: Ball
3-1: Swinging Strike
3-2: Foul Ball, location: 2F
3-2: Strikes out swinging
Batting: RHB Kent Bishop 0-0: Fly out, F7 (Line Drive, 7, EV 90.0 MPH)
Bottom of the 7th over - 0 runs, 0 hits, 0 errors, 0 left on base; Ottawa-Nepean 2 - Chrisman 8
TOP OF THE 8TH
Ottawa-Nepean Canadians batting - Pitching for Chrisman Killers : RHP David McCullough
Batting: LHB Bobby Tolan 0-0: SINGLE (Groundball, 4, EV 99.4 MPH)
Batting: LHB Charlie Sands 0-0: Called Strike
0-1: Foul Ball, location: 2F
0-2: Ball
1-2: Foul Ball, location: 2F
1-2: Ball
2-2: SINGLE (Line Drive, 56D, EV 95.0 MPH)
Bobby Tolan to second
Pinch Hitting: LHB Dave Anderson 0-0: Called Strike
0-1: Grounds into double play, 3-6-3 (Groundball, 3, EV 106.9 MPH)
Bobby Tolan to third
Pinch Hitting: LHB John Renaud 0-0: Called Strike
0-1: Called Strike
0-2: Strikes out swinging
Top of the 8th over - 0 runs, 2 hits, 0 errors, 1 left on base; Ottawa-Nepean 2 - Chrisman 8
BOTTOM OF THE 8TH
Chrisman Killers batting - Pitching for Ottawa-Nepean Canadians : RHP Ricky Oliver
Pitching: RHP Vincent Willis
Now at 1B: Dave Anderson
Now at 3B: Gerald Talkington
Now at SS: John Stevens
Batting: RHB Augusto Barrios 0-0: Called Strike
0-1: Foul Ball, location: 2F
0-2: Ball
1-2: Ball
2-2: Foul Ball, location: 2F
2-2: Ball
3-2: Base on Balls
Batting: LHB Bill Warren 0-0: Ball
1-0: Ball
2-0: Called Strike
2-1: Called Strike
2-2: Foul Ball, location: 2F
2-2: Ball
3-2: Base on Balls
Augusto Barrios to second
Batting: SHB Jim Lefebvre 0-0: Called Strike
0-1: Ball
1-1: Fly out, F2 (Popup, 3SF, EV 75.0 MPH)
Batting: LHB Kyle MacKinley 0-0: Ball
1-0: Ball
2-0: Swinging Strike
2-1: Grounds into double play, 5-4-3 (Groundball, 56, EV 104.4 MPH)
Bottom of the 8th over - 0 runs, 0 hits, 0 errors, 1 left on base; Ottawa-Nepean 2 - Chrisman 8
TOP OF THE 9TH
Ottawa-Nepean Canadians batting - Pitching for Chrisman Killers : RHP David McCullough
Batting: RHB John Stevens 0-0: Ball
1-0: Fly out, F9 (Flyball, 9S, EV 88.8 MPH)
Pinch Hitting: LHB Allen Phillip 0-0: Called Strike
0-1: Ball
1-1: Foul Ball, location: 2F
1-2: Ball
2-2: Fly out, F4 (Flyball, 4D, EV 81.2 MPH)
Batting: LHB Phil Davis 0-0: Called Strike
0-1: SOLO HOME RUN (Flyball, 9D, EV 96.9 MPH), Distance : 369 ft
Batting: LHB Eric Williams 0-0: Swinging Strike
0-1: Ball
1-1: Foul Ball, location: 2F
1-2: Strikes out swinging
Top of the 9th over - 1 run, 1 hit, 0 errors, 0 left on base; Ottawa-Nepean 3 - Chrisman 8
Monday, April 8th , 2024 - OOTP Baseball 24.8 Build 75